 Dungeon Crawl Stone Soup version 0.30.0-5-g1a98f26d00 (webtiles) character file.

Game seed: 6520452282713710610

24817 browni3141 the Warrior (level 13, -19/161 HPs)
             Began as an Ogre Delver on May 10, 2023.
             Was a Priest of the Shining One.
             Demolished by Rupert
             ... wielding a +1 great mace of protection
              (48 damage)
             ... on level 12 of the Dungeon.
             The game lasted 00:34:08 (14887 turns).

browni3141 the Warrior (Ogre Delver)               Turns: 14887, Time: 00:34:08

Health: -19/161    AC: 17    Str: 28    XL:     13   Next: 15%
Magic:  20/20      EV: 14    Int: 11    God:    the Shining One [***...]
Gold:   467        SH:  5    Dex: 10    Spells: 12/12 levels left

rFire   x . .        b - +1 flail (protect)
rCold   + . .        (no shield)
rNeg    + + .        s - +3 robe "Ludaud" {rCorr Str+3 Stlth-}
rPois   +            u - +2 hat
rElec   .            N - +1 cloak
rCorr   +            (gloves unavailable)
SInv    .            (boots unavailable)
Will    +....        Y - amulet of reflection Stlth
                     y - +5 ring of evasion
HPRegen 0.46/turn    l - ring "Lugyf" {Ice rPois rN+ Str+2 Stlth-}
MPRegen 0.17/turn

%: reflection
@: about to teleport, under a protective aura, glowing
A: large, unfitting armour, tough skin 1
a: Renounce Religion, Divine Shield, Cleansing Flame


You were on level 12 of the Dungeon.
You worshipped the Shining One.
The Shining One was most pleased with you.
You visited 1 branch of the dungeon, and saw 12 of its levels.

You collected 854 gold pieces.
You spent 387 gold pieces at shops.

Inventory:

Hand Weapons
 a - a +0 morningstar of holy wrath
 b - a +1 flail of protection (weapon)
Missiles
 e - 4 silver javelins
 p - 7 poisoned darts (quivered)
 J - 6 javelins
 Q - 2 boomerangs of dispersal
 T - 4 boomerangs
 W - 16 large rocks
 Z - 2 throwing nets
Armour
 s - the +3 robe "Ludaud" (worn) {rCorr Str+3 Stlth-}
   (You bought it in a shop on level 6 of the Dungeon)

   Str:       It affects your strength (+3).
   rCorr:     It protects you from acid and corrosion.
   Stlth:     It makes you less stealthy.
 u - a +2 hat (worn)
 N - a +1 cloak (worn)
Jewellery
 i - a ring of protection from cold
 k - the ring "Hylil" {Fire rCorr SInv Stlth+}
   (You found it on level 8 of the Dungeon)

   [ring of fire]

   It enhances your fire magic.
   rF:        It protects you from fire.
   rC:        It makes you vulnerable to cold.
   SInv:      It lets you see invisible.
   rCorr:     It protects you from acid and corrosion.
   Stlth:     It makes you more stealthy.
 l - the ring "Lugyf" (right hand) {Ice rPois rN+ Str+2 Stlth-}
   (You found it on level 8 of the Dungeon)

   [ring of ice]

   It enhances your ice magic.
   Str:       It affects your strength (+2).
   rF:        It makes you vulnerable to fire.
   rC:        It protects you from cold.
   rPois:     It protects you from poison.
   rN:        It protects you from negative energy.
   Stlth:     It makes you less stealthy.
 v - a +6 ring of intelligence
 y - a +5 ring of evasion (left hand)
 K - a ring of wizardry
 M - an amulet of magic regeneration
 Y - an amulet of reflection (around neck)
Wands
 g - a wand of digging (6)
 m - a wand of mindburst (6)
 x - a wand of light (2)
 I - a wand of iceblast (7)
 V - a wand of flame (13)
Scrolls
 d - 4 scrolls of magic mapping
 f - a scroll of vulnerability {unknown}
 j - a scroll of blinking {unknown}
 n - a scroll of acquirement {unknown}
 q - a scroll of amnesia {unknown}
 z - a scroll of immolation {unknown}
 A - 6 scrolls of identify {unknown}
 B - 3 scrolls of enchant weapon {unknown}
 D - a scroll of brand weapon {unknown}
 F - 3 scrolls of fog
 G - 5 scrolls of enchant armour
 L - 2 scrolls of poison {unknown}
 S - 3 scrolls of fear
 U - 4 scrolls of teleportation
Potions
 h - 4 potions of haste
 o - a potion of mutation {unknown}
 r - 5 potions of flight {unknown}
 t - 2 potions of lignification {unknown}
 w - a potion of brilliance {unknown}
 C - 13 potions of curing
 E - a potion of magic {unknown}
 H - 5 potions of heal wounds
 O - 3 potions of invisibility {unknown}
 P - 3 potions of attraction {unknown}
 R - a potion of ambrosia {unknown}
 X - 4 potions of resistance {unknown}
Miscellaneous
 c - a condenser vane (inert)


   Skills:
 * Level 18.5 Fighting
 + Level 9.4 Maces & Flails
 + Level 8.9 Throwing
 - Level 1.7 Dodging
 - Level 3.7 Stealth
 * Level 10.0 Invocations
 + Level 2.9 Evocations


You had 12 spell levels left.
You didn't know any spells.
Your spell library contained the following spells:

 Spells                   Type           Power      Damage    Failure   Level
 Apportation              Tloc           0%         N/A       34%         1
 Kiss of Death            Conj/Necr      0%         2d5       34%         1
 Necrotise                Necr           0%         1d4       34%         1
 Summon Small Mammal      Summ           0%         N/A       34%         1
 Momentum Strike          Conj/Tloc      0%         3d8       47%         2
 Searing Ray              Conj           0%         2d4       47%         2
 Call Canine Familiar     Summ           0%         N/A       71%         3
 Confusing Touch          Hex            0%         N/A       71%         3
 Portal Projectile        Hex/Tloc       0%         N/A       71%         3
 Summon Guardian Golem    Hex/Summ       0%         N/A       71%         3
 Tukima's Dance           Hex            0%         N/A       71%         3
 Anguish                  Hex/Necr       0%         N/A       98%         4
 Cause Fear               Hex            0%         N/A       98%         4
 Dispel Undead            Necr           0%         3d6       98%         4
 Blade Hands              Tmut           0%         N/A       100%        5
 Iskenderun's Battlesphe  Conj           0%         2d6       100%        5
 Simulacrum               Ice/Necr       0%         N/A       100%        6
 Enfeeble                 Hex            0%         N/A       100%        7
 Ozocubu's Refrigeration  Ice            0%         4d7       100%        7
 Polar Vortex             Ice            0%         N/A       100%        9


Dungeon Overview and Level Annotations

Branches:
Dungeon (12/15)            Temple (0/1) D:6            Lair (0/5) D:9
    Orc (0/2) D:9

Altars:
Dithmenos
Elyvilon
Hepliaklqana
Kikubaaqudgha
Makhleb
Okawaru
Qazlal
Uskayaw
Yredelemnul
The Shining One

Shops:
D:2 *   D:4 ![*   D:6 *   D:11 (

Annotations:
D:12 Rupert


Innate Abilities, Weirdness & Mutations

You are too large for most types of armour.
You have tough skin. (AC +1)


Message History

Unknown command.
Aiming: Iceblast
Press: ? - help, Shift-Dir - straight line, f/p - Rupert
Aim: Rupert, wielding a +1 great mace of protection and wearing a +3 chain mail of poison resistance (lightly wounded, blind, haloed)
The mass of ice explodes!
The iceblast engulfs Rupert!
Rupert is moderately wounded.
Aiming: Iceblast
Press: ? - help, Shift-Dir - straight line, f/p - Rupert
Aim: Rupert, wielding a +1 great mace of protection and wearing a +3 chain mail of poison resistance (moderately wounded, blind, haloed)
The mass of ice explodes!
The iceblast engulfs Rupert!
Rupert is moderately wounded.
You hit Rupert.
Your weapon exudes an aura of protection.
Rupert is moderately wounded.
Rupert closely misses you.
You hit Rupert but do no damage.
Rupert is moderately wounded.
Rupert hits you with a +1 great mace of protection!!
You thump Rupert!
Rupert is heavily wounded.
Rupert is no longer blind.
Rupert roars wildly at you. You resist with significant effort.
Aiming: Bolt of Light
Press: ? - help, Shift-Dir - straight line, f/p - Rupert
Aim: Rupert, wielding a +1 great mace of protection and wearing a +3 chain mail of poison resistance (heavily wounded, haloed, 87% to hit)
The bolt of light hits Rupert but does no damage.
Rupert is heavily wounded.
Rupert is blinded.
Rupert hits you with a +1 great mace of protection.
You sock Rupert!
Rupert is heavily wounded.
Rupert roars wildly at you. You resist with significant effort.
You sock Rupert!
Rupert is severely wounded.
Rupert roars wildly at you.
You suddenly lose the ability to move!
Rupert hits you with a +1 great mace of protection!
Rupert screams, "You killed all those lovely monsters, you murderer!"
Rupert hits you but does no damage.
You can move again.
Unknown command.
You hit Rupert but do no damage.
Rupert is heavily wounded.
Rupert roars madly and goes into a rage!
Rupert goes berserk!
You sock Rupert!
Rupert is severely wounded.
Rupert is no longer blind.
Rupert hits you with a +1 great mace of protection!!
Aiming: Bolt of Light
Press: ? - help, Shift-Dir - straight line, f/p - Rupert
Aim: Rupert, wielding a +1 great mace of protection and wearing a +3 chain mail of poison resistance (severely wounded, berserk, haloed, 87% to hit)
The bolt of light hits Rupert.
Rupert is severely wounded.
Rupert is blinded.
Rupert hits you with a +1 great mace of protection!
You don't know any spells.
Okay, then.
Unknown command.
You sock Rupert!
Rupert is severely wounded.
Rupert closely misses you. Rupert hits you but does no damage.
You hit Rupert but do no damage.
Rupert is severely wounded.
You block Rupert's attack.
You hit Rupert but do no damage.
Rupert is severely wounded.
Rupert is no longer blind.
Rupert closely misses you.
Aiming: Bolt of Light
Press: ? - help, Shift-Dir - straight line, f/p - Rupert
Aim: Rupert, wielding a +1 great mace of protection and wearing a +3 chain mail of poison resistance (severely wounded, berserk, haloed, 87% to hit)
The bolt of light hits Rupert!
Rupert is severely wounded.
Rupert is blinded.
Rupert hits you with a +1 great mace of protection.
Rupert hits you with a +1 great mace of protection!!
You are too injured to fight recklessly!
You feel much better. You block Rupert's attack.
You hit Rupert but do no damage.
Rupert is severely wounded.
Rupert hits you with a +1 great mace of protection.
Rupert hits you with a +1 great mace of protection!!
* * * LOW HITPOINT WARNING * * *
Press: ? - help, v - describe, . - travel The floor, spattered with blood.
This square is lit by a halo.
You feel much better.
Rupert hits you with a +1 great mace of protection!!
As you read the scroll of teleportation, it crumbles to dust.
You feel strangely unstable.
Rupert hits you with a +1 great mace of protection!!
* * * LOW HITPOINT WARNING * * *
Rupert hits you with a +1 great mace of protection!
* * * LOW HITPOINT WARNING * * *
Unknown command.
You feel much better.
Rupert is no longer blind.
Rupert hits you with a +1 great mace of protection!!!
You die...

..#.#.............##.##.##.######
..#.####.....#.#..#...##.#.....##
..#.# #...#.#.#.##)#.##.##....##
.!#.# #...#.#...#..#..##.#...##.
..#.####........######.##.##..##.
..#.##<....#....#..#....##.#.##..
....####.......##...(#####.#####.
...........##..#..####...##.##.##
..........<...##@......#.##.##...
.......#.#.##.#@#########'##'##†#
.........#.#..#.##.........##.##.
##.##....#.#.##.##.........##.##)
...##........##.###.......##...##
........###.###.# #.......##...##
...##...##..# #.# ##.....##..#..#
#...#...##.####.## #.....##.#.#.#
#.#....#...###.#.####...##...#...


You could see Rupert (berserk).

Vanquished Creatures
  Fannar (D:10)
  An ogre mage (D:12)
  An anaconda (shapeshifter) (D:12)
  2 centaur warriors (D:12)
  4 boulder beetles
  A tengu warrior (D:12)
  Urug (D:10)
  Amaemon (D:8)
  A deep elf pyromancer (D:12)
  2 ugly things (D:12)
  Pikel (D:7)
  3 cyclopes
  2 manticores
  Maurice (D:8)
  An orange demon (D:8)
  A gargoyle (D:8)
  2 kobold demonologists (D:12)
  An unseen horror (D:12)
  A komodo dragon (D:12)
  2 yaktaurs
  4 trolls
  A hornet (D:12)
  Prince Ribbit (D:7)
  4 slime creatures (D:12)
  3 shadows
  A vampire (D:12)
  2 wraiths (D:9)
  A human (D:9)
  12 yaks
  4 hogs (D:9)
  7 vampire mosquitoes
  A basilisk (D:8)
  2 steam dragons (D:8)
  A redback (D:12)
  2 acid dragons
  Duvessa (D:4)
  A water moccasin (D:8)
  A sky beast (D:7)
  2 black bears
  3 ice beasts
  4 orc warriors
  4 centaurs
  3 wolves (D:9)
  3 lemures (D:7)
  2 phantoms (D:5)
  A kobold brigand (D:9)
  7 bullfrogs
  6 scorpions
  5 wights (D:7)
  Dowan (D:4)
  5 howler monkeys
  6 electric eels
  3 orc priests
  2 gnoll boudas (D:5)
  10 hounds
  7 jellies
  14 orc wizards
  A sleepcap (D:7)
  7 iguanas
  26 gnolls
  11 adders
  2 shadow imps (D:5)
  A white imp (D:8)
  2 worms (D:2)
  5 dart slugs
  35 orcs
  7 ball pythons
  7 bats
  17 endoplasms
  6 giant cockroaches
  29 goblins
  26 hobgoblins
  10 jackals
  26 kobolds
  4 quokkas
  4 frilled lizards
  2 rats (D:1)
395 creatures vanquished.

Vanquished Creatures (others)
  An orc wizard (D:7)
1 creature vanquished.

Grand Total: 396 creatures vanquished

Notes
Turn   | Place    | Note
-------+----------+-------------------------------------------
     0 | D:5      | browni3141 the Ogre Delver began the quest for the Orb.
     0 | D:5      | Reached XP level 1. HP: 24/24 MP: 1/1
    31 | D:5      | Noticed an orc wizard
    51 | D:5      | Noticed a phantom
    51 | D:5      | Noticed an iguana
   102 | D:5      | Noticed a scorpion
   107 | D:4      | Noticed an iguana
   109 | D:4      | Found a stormy altar of Qazlal.
   128 | D:4      | Noticed Dowan
   130 | D:4      | Noticed Duvessa
   131 | D:4      | Noticed a hound
   162 | D:4      | Found Rixzuiwi's Armour Emporium.
   181 | D:4      | Noticed a scorpion
   221 | D:4      | Noticed a jelly
   343 | D:2      | Reached XP level 2. HP: 29/33 MP: 2/2
   498 | D:2      | Reached skill level 5 in Fighting
   500 | D:2      | Reached XP level 3. HP: 42/42 MP: 3/3
   508 | D:2      | Found Gionaut's General Store.
   983 | D:1      | Reached XP level 4. HP: 46/52 MP: 4/4
  1307 | D:1      | Reached skill level 6 in Fighting
  1569 | D:1      | Found a faded altar of an unknown god.
  2631 | D:2      | Reached XP level 5. HP: 61/61 MP: 5/5
  2655 | D:2      | Reached skill level 3 in Maces & Flails
  3201 | D:3      | Reached skill level 7 in Fighting
  3201 | D:3      | Reached XP level 6. HP: 29/71 MP: 6/6
  3628 | D:4      | Found Qitif's Distillery.
  3631 | D:4      | Bought a potion of heal wounds for 50 gold pieces
  3631 | D:4      | Bought a potion of curing for 30 gold pieces
  3631 | D:4      | Bought a potion of degeneration for 10 gold pieces
  4133 | D:4      | Killed Duvessa
  4134 | D:4      | Reached skill level 3 in Throwing
  4148 | D:4      | Killed Dowan
  4149 | D:4      | Reached XP level 7. HP: 43/79 MP: 7/7
  4284 | D:4      | Found Bass's Assorted Antiques.
  4743 | D:4      | Reached skill level 8 in Fighting
  4749 | D:4      | Identified the staff of fire "Gyraar" {rF+ rN++ Dex+3}
  5163 | D:4      | Found a white marble altar of Elyvilon.
  5220 | D:4      | Found a glowing golden altar of the Shining One.
  5229 | D:4      | Became a worshipper of the Shining One
  5355 | D:5      | Reached XP level 8. HP: 87/91 MP: 8/8
  5408 | D:5      | Reached skill level 9 in Fighting
  5659 | D:5      | Reached skill level 10 in Fighting
  5907 | D:5      | Reached skill level 6 in Throwing
  5969 | D:5      | Identified the +1 short sword of the Endless March
                  | {protect, rCorr Dex+4}
  5972 | D:5      | Found Yfuan's Tiny Tomes.
  6262 | D:6      | Reached * piety under the Shining One
  6273 | D:6      | Reached XP level 9. HP: 102/102 MP: 9/9
  6310 | D:6      | Found a staircase to the Ecumenical Temple.
  6434 | D:6      | Found Optuxeb's Assorted Antiques.
  6439 | D:6      | Bought a thick robe for 136 gold pieces
  6439 | D:6      | Identified the +3 robe "Ludaud" {rCorr Str+3 Stlth-} (You
                  | bought it in a shop on level 6 of the Dungeon)
  6735 | D:6      | Reached skill level 11 in Fighting
  6830 | D:6      | Identified the +1 dagger of Zoarib {venom, rC+}
  7573 | D:7      | Noticed Prince Ribbit
  7581 | D:7      | Killed Prince Ribbit
  7602 | D:7      | Found a basalt altar of Yredelemnul.
  7648 | D:7      | Got Turpherane's Exposition on Conjuring
  7818 | D:7      | Reached skill level 12 in Fighting
  8085 | D:7      | Noticed Pikel
  8090 | D:7      | Killed Pikel
  8091 | D:7      | Reached skill level 6 in Maces & Flails
  8091 | D:7      | Reached XP level 10. HP: 118/118 MP: 10/10
  8125 | D:7      | Reached skill level 13 in Fighting
  8629 | D:8      | Noticed Maurice
  8650 | D:8      | Killed Maurice
  8781 | D:8      | Reached skill level 14 in Fighting
  8852 | D:8      | Found a shadowy altar of Dithmenos.
  8853 | D:8      | Found a hide-covered altar of Uskayaw.
  9193 | D:8      | Noticed a gargoyle
  9198 | D:8      | Killed a gargoyle
  9261 | D:8      | Noticed a cyclops
  9264 | D:8      | Killed a cyclops
  9300 | D:8      | Identified the ring "Lugyf" {Ice rPois rN+ Str+2 Stlth-}
  9302 | D:8      | Identified the staff of death "Veamorgh" {rF- rC+ rN+ Will+
                  | rCorr}
  9396 | D:8      | Noticed Amaemon
  9398 | D:8      | Noticed an orange demon
  9411 | D:8      | Killed Amaemon
  9412 | D:8      | Reached skill level 15 in Fighting
  9419 | D:8      | Killed an orange demon
  9420 | D:8      | Reached skill level 3 in Invocations
  9420 | D:8      | Reached XP level 11. HP: 117/132 MP: 11/13
  9490 | D:8      | Noticed a boulder beetle
  9492 | D:8      | Reached ** piety under the Shining One
  9526 | D:8      | Killed a boulder beetle
  9735 | D:8      | Found an ancient bone altar of Kikubaaqudgha.
  9828 | D:8      | Identified the ring "Hylil" {Fire rCorr SInv Stlth+}
  9993 | D:9      | Identified the +0 ring mail "Zigijefe" {rC++ SInv Stlth+}
 10333 | D:9      | Found a staircase to the Lair.
 10443 | D:9      | Found a burning altar of Makhleb.
 10521 | D:9      | Found a staircase to the Orcish Mines.
 10880 | D:9      | Reached skill level 16 in Fighting
 11015 | D:10     | Entered Level 10 of the Dungeon
 11140 | D:10     | Noticed Fannar
 11163 | D:10     | Killed Fannar
 11164 | D:10     | Reached skill level 6 in Invocations
 11246 | D:10     | Noticed Urug
 11268 | D:10     | Killed Urug
 12065 | D:10     | Found an iron altar of Okawaru.
 12074 | D:10     | Found a hazy altar of Hepliaklqana.
 12202 | D:10     | Noticed a manticore
 12214 | D:10     | Killed a manticore
 12326 | D:10     | Reached *** piety under the Shining One
 12342 | D:10     | Reached skill level 17 in Fighting
 12342 | D:10     | Reached XP level 12. HP: 135/148 MP: 17/17
 13288 | D:11     | Noticed a boulder beetle
 13314 | D:11     | Killed a boulder beetle
 13453 | D:11     | Found Vassienk's Antique Weapon Shoppe.
 13563 | D:11     | Bought a runed morningstar for 161 gold pieces
 13671 | D:12     | Noticed Nessos
 13676 | D:12     | Nessos changed into Nessos the glowing shapeshifter
 13676 | D:12     | Noticed Nessos
 13677 | D:12     | Nessos the glowing shapeshifter changed into Nessos the
                  | anaconda
 13677 | D:12     | Noticed Nessos (glowing shapeshifter)
 13684 | D:12     | Killed Nessos the anaconda
 14089 | D:12     | Noticed Rupert
 14356 | D:12     | Noticed a boulder beetle
 14365 | D:12     | Reached skill level 9 in Maces & Flails
 14374 | D:12     | Noticed a sun demon
 14382 | D:12     | Reached skill level 9 in Invocations
 14394 | D:12     | Killed a boulder beetle
 14395 | D:12     | Reached skill level 18 in Fighting
 14513 | D:12     | Noticed a boulder beetle
 14524 | D:12     | Killed a boulder beetle
 14586 | D:12     | Noticed a centaur warrior
 14586 | D:12     | Noticed a tengu warrior
 14590 | D:12     | Noticed a centaur warrior
 14590 | D:12     | Noticed an ogre mage
 14593 | D:12     | Killed a tengu warrior
 14595 | D:12     | Killed a centaur warrior
 14596 | D:12     | Reached XP level 13. HP: 144/159 MP: 16/20
 14685 | D:12     | Identified the staff of air "Semnu" {rElec rPois rF- rN+
                  | Dex+3}
 14864 | D:12     | Paralysed by Rupert for 2 turns
 14873 | D:12     | Paralysed by Rupert for 2 turns
 14886 | D:12     | HP: 2/161 [Rupert/+1 great mace of protection (17)]
 14887 | D:12     | Demolished by Rupert

Illustrated notes

Levels and vault maps discovered:
D:1:      ebering_trefoil_3fold, layout_loops_ring,
          shapermc_ecumenical_altar_ellora
D:2:      cheibrodos_fertilizer, layout_loops_ring, serial_shops, shop_statue
D:3:      layout_basic, minmay_misc_feat_plants, minmay_misc_feat_columns
D:4:      layout_cave_pods, mainiacjoe_overflow_small_starburst, tso_altar,
          mainiacjoe_overflow_alcove_2, serial_shops, shop,
          nicolae_shop_tiny_real_fake_doors, nicolae_take_the_stairs,
          uniq_duvessa
D:5:      layout_loops_ring, serial_park_tiny_1, grunt_ministairs_2,
          nicolae_shop_i_like_small_books_too, minmay_pentangle
D:6:      minmay_goblin_kobold_castle, layout_cave_pools,
          minmay_temple_entry_antechambers, serial_shops, kennysheep_little_box
D:7:      layout_loops_ring, mainiacjoe_overflow_boulevard, skrybe_limestone_x,
          kennysheep_pointless_box, uniq_prince_ribbit1, uniq_pikel
D:8:      layout_layer_cave, kiku_gazebo_pond_becter,
          nicolae_overflow_two_pavilions, minmay_diamond_spiral, uniq_maurice,
          uniq_amaemon
D:9:      layout_irregular_city, bloody_makhleb, erik_lair_island, orc_0_dummy,
          grunt_livestock
D:10:     minmay_cornered_nines, layout_layer_cave, mainiacjoe_overflow_swirl,
          uniq_fannar, uniq_urug
D:11:     layout_long_grid, serial_shops, shop, small_statue_intersection
D:12:     minmay_the_grid_triangle_9x9_rhombus_full
          [minmay_the_grid_triangle_9x9_corrupted_corridor,
          minmay_the_grid_triangle_9x9_cache,
          minmay_the_grid_triangle_9x9_minimal,
          minmay_the_grid_triangle_9x9_empty,
          minmay_the_grid_triangle_9x9_limited_checkers,
          minmay_the_grid_triangle_9x9_pentomino_pain,
          minmay_the_grid_triangle_9x9_dagger,
          minmay_the_grid_triangle_9x9_prize_schism], layout_basic, uniq_nessos,
          uniq_rupert

Skill      XL: |  1  2  3  4  5  6  7  8  9 10 11 12 13 |
---------------+----------------------------------------+-----
Maces & Flails | 2 3 4 5 6 7 8 9 |  9.4
Fighting       | 5 6 7 8 10 12 15 17 18 | 18.5
Throwing       | 2 3 4 6 8 |  8.9
Invocations    | 3 7 9 10 | 10.0
Evocations     | 2 |  2.9
Dodging        | |  1.7
Stealth        | |  3.7

Action                     |  1- 3 |  4- 6 |  7- 9 | 10-12 | 13-15 || total
---------------------------+-------+-------+-------+-------+-------++-------
  Melee: Mace              |   103 |   262 |   110 |       |       ||   475
         Punch             |     1 |       |     5 |     8 |       ||    14
         Flail             |       |       |   345 |   556 |    19 ||   920
         Morningstar       |       |       |       |    44 |       ||    44
  Throw: Javelin           |       |    15 |    22 |    32 |     2 ||    71
         Large rock        |       |     4 |     9 |     3 |       ||    16
         Dart              |       |       |       |    50 |     7 ||    57
 Invoke: Divine Shield     |       |       |       |     6 |       ||     6
         Cleansing Flame   |       |       |       |     1 |       ||     1
  Evoke: Wand              |       |       |       |     5 |     6 ||    11
         Condenser vane    |       |       |       |     1 |     1 ||     2
    Use: Scroll            |     1 |     3 |       |     1 |     1 ||     6
         Potion            |     1 |       |       |       |     3 ||     4
   Stab: Sleeping          |     3 |     9 |     1 |       |       ||    13
 Armour: Robe              |    42 |    94 |   180 |   274 |     4 ||   594
  Dodge: Dodged            |    47 |   135 |   364 |   436 |     4 ||   986
  Block: Other             |       |    53 |   128 |   183 |     6 ||   370
         Reflection        |       |     1 |     7 |     3 |     2 ||    13
